 Dungeon Crawl Stone Soup version 0.30-a0-591-g3c58d2bc28 (webtiles) character file.

Game seed: 14476687787043803315

16 Adrian566 the Slasher (level 2, 22/22 HPs)
             Began as a Demonspawn Gladiator on Jan 6, 2023.
             Quit the game on level 1 of the Dungeon.
             The game lasted 00:00:17 (240 turns).

Adrian566 the Slasher (Demonspawn Gladiator)         Turns: 240, Time: 00:00:17

Health: 22/22      AC:  4    Str: 14    XL:     2   Next: 37%
Magic:  2/2        EV: 12    Int:  9    God:
Gold:   11         SH:  0    Dex: 14    Spells: 1/1 levels left

rFire   . . .      SeeInvis .    a - +0 long sword
rCold   . . .      Faith    .    (no shield)
rNeg    . . .      Spirit   .    b - +0 leather armour
rPois   .          Reflect  .    c - +0 helmet
rElec   .          Harm     .    (no cloak)
rCorr   .          Rampage  .    (no gloves)
Will    .....                    (no boots)
Stlth   +                        (no amulet)
HPRegen 0.23/turn                (no ring)
MPRegen 0.08/turn                (no ring)

@: no status effects
A: claws 1
a: no special abilities


You were on level 1 of the Dungeon.
You visited 1 branch of the dungeon, and saw 1 of its levels.

You collected 11 gold pieces.

Inventory:

Hand Weapons
 a - a +0 long sword (weapon)
Missiles
 d - 3 throwing nets (quivered)
 e - a javelin
Armour
 b - a +0 leather armour (worn)
 c - a +0 helmet (worn)
Scrolls
 g - a scroll of identify {unknown}
 h - a scroll of fog {unknown}
Potions
 f - a potion of heal wounds {unknown}


   Skills:
 + Level 2.0 Fighting
 * Level 3.3 Long Blades
 + Level 1.7 Throwing
 + Level 2.7 Dodging


You had one spell level left.
You didn't know any spells.
Your spell library was empty.

Dungeon Overview and Level Annotations

Branches:
Dungeon (1/15)

Altars:


Innate Abilities, Weirdness & Mutations

You have sharp fingernails.


Message History

You slash the hobgoblin!
You kill the hobgoblin!
The endoplasm closely misses you.
You have reached level 2!
You feel monstrous as your demonic heritage exerts itself.
Your demonic ancestry asserts itself...
Your fingernails lengthen.
You hit the endoplasm.
The endoplasm is almost dead.
The endoplasm barely misses you. x2
You hit the endoplasm.
You kill the endoplasm!
You hit the dart slug.
The dart slug is severely wounded.
The dart slug bites you but does no damage.
You hit the dart slug.
You kill the dart slug!
No target in view!
A dart slug comes into view.
A dart slug is nearby!
A dart slug is nearby!
Found a scroll labelled CUPOT XACECEYD.
You hit the dart slug.
The dart slug is heavily wounded.
The dart slug bites you but does no damage.
You slash the dart slug!
You kill the dart slug!
No target in view!
No target in view!
No target in view!
No target in view!
No target in view!
No target in view!
No target in view!
No target in view!
No target in view!
No target in view!
No target in view!
No target in view!
Are you sure you want to abandon this character and quit the game? (Confirm with "yes".)

#...# ####.#.###
#####........# ######
#.....#..#.#.#
......####............#
......#.....#..#.#.#..##
........................
.........#..#.#.#..#.#.#
.......@........#......#
.........#.#.#..###.#..#
...?....................
#..##........#.#.#..#.#.
.. ##..................
. #...........#.#.#..
...................
.......####.....#.#
#........


There were no monsters in sight!

Vanquished Creatures
  2 dart slugs (D:1)
  A bat (D:1)
  3 endoplasms (D:1)
  2 hobgoblins (D:1)
  A kobold (D:1)
  A rat (D:1)
10 creatures vanquished.

Notes
Turn   | Place    | Note
-------+----------+-------------------------------------------
     0 | D:1      | Adrian566 the Demonspawn Gladiator began the quest for the
                  | Orb.
     0 | D:1      | Reached XP level 1. HP: 16/16 MP: 1/1
    73 | D:1      | Reached skill level 3 in Long Blades
   201 | D:1      | Discovered your monstrous ancestry.
   201 | D:1      | Gained mutation: You have sharp fingernails. [demonic
                  | ancestry]
   201 | D:1      | Reached XP level 2. HP: 19/22 MP: 2/2
   240 | D:1      | Quit the game

Illustrated notes

Levels and vault maps discovered:
D:1:      onia_arrival_mini_spirals, layout_basic, serial_corexii_hall,
          chequers_hall_statues_wall_a, corexii_hall_statues_l,
          shapermc_ecumenical_altar_mp_vishouse, minmay_misc_feat_diagonals,
          wad_floor_pattern_untrapped, palyth_stone_intersect,
          hangedman_decor_points, minmay_tetromino_s4

Skill      XL: |  1 |
---------------+----+-----
Long Blades    | 3 |  3.3
Fighting       | |  2.0
Throwing       | |  1.7
Dodging        | |  2.7

Action                   || total
-------------------------++-------
Melee: Long sword        ||    21
Armor: Leather armour    ||     4
Dodge: Dodged            ||    13

Table legend: (Time is in decaauts)
 A = Elapsed time spent in this place.
 B = Non-inter-level travel time spent in this place.
 C = Inter-level travel time spent in this place.
 D = Time resting spent in this place.
 E = Time spent auto-exploring this place.
 F = Levels seen in this place.
 G = Mean time per level.
                   A        B        C        D        E       F      G
               +--------+--------+--------+--------+--------+-----+--------+
         Total |    245 |    245 |      0 |      0 |    191 |   1 |  245.0 |
       Dungeon |    245 |    245 |      0 |      0 |    191 |   1 |  245.0 |
               +--------+--------+--------+--------+--------+-----+--------+

Top non-repeatable levels by time:
     D:1: 245 daAuts
